 Dungeon Crawl Stone Soup version 0.23.2-33-g5129a83184 (webtiles) character file.

Game seed: 16209150610751649103

85 Bergy the Shield-Bearer (level 4, 0/28 HPs)
             Began as a Gargoyle Fighter on June 26, 2019.
             Slain by an orc
             ... wielding a +0 falchion
              (2 damage)
             ... on level 3 of the Dungeon.
             The game lasted 00:05:42 (2515 turns).

Bergy the Shield-Bearer (Gargoyle Fighter)          Turns: 2515, Time: 00:05:42

Health: 0/28       AC: 10    Str: 21    XL:     4   Next: 48%
Magic:  4/4        EV:  7    Int:  8    God:
Gold:   173        SH:  9    Dex:  9    Spells: 3/3 levels left

rFire    . . .     SeeInvis .   a - +0 flail
rCold    . . .     Gourm    .   c - +0 shield
rNeg     + . .     Faith    .   b - +0 scale mail
rPois    ∞         Spirit   .   (no helmet)
rElec    +         Reflect  .   (no cloak)
rCorr    .         Harm     .   (no gloves)
MR       .....                  (no boots)
Stlth    ..........             (no amulet)
HPRegen  0.09/turn              (no ring)
MPRegen  0.09/turn              (no ring)

@: no status effects
A: negative energy resistance 1, electricity resistance, unbreathing,
petrification resistance, rot immunity, AC +3
a: no special abilities


You were on level 3 of the Dungeon.
You were not hungry.

You visited 1 branch of the dungeon, and saw 3 of its levels.

You collected 173 gold pieces.

Inventory:

Hand Weapons
 a - a +0 flail (weapon)
Armour
 b - a +0 scale mail (worn)
 c - a +0 shield (worn)
Scrolls
 g - a scroll of noise {unknown}
 j - 3 scrolls of identify {unknown}
 k - a scroll of enchant weapon {unknown}
 n - a scroll of remove curse {unknown}
 q - a scroll of blinking {unknown}
Potions
 d - 3 potions of might
 e - a potion of experience {unknown}
 h - 2 potions of curing {unknown}
 i - 2 potions of cancellation {unknown}
 l - a potion of flight {unknown}
 m - 2 potions of haste {unknown}
 o - a potion of lignification {unknown}
 p - a potion of magic {unknown}
Comestibles
 f - 6 rations
 r - 2 chunks of flesh


   Skills:
 + Level 3.6 Fighting
 * Level 3.5 Maces & Flails
 + Level 3.8 Armour
 + Level 3.8 Shields


You had 3 spell levels left.
You didn't know any spells.
Your spell library was empty.

Dungeon Overview and Level Annotations

Branches:
Dungeon (3/15)

Altars:


Innate Abilities, Weirdness & Mutations

You are resistant to torment.
Your stone body is resilient. (AC +3)
You are immune to poison.
You resist negative energy. (rN+)
You are resistant to electric shocks. (rElec)
You can survive without breathing.
You are immune to petrification.
You are immune to rotting.


Message History

You block the orc's attack.
The hobgoblin hits you but does no damage.
Your shield and scale mail prevent you from hitting the orc priest.
The orc priest barely misses you. You block the orc's attack.
The orc closely misses you. The hobgoblin hits you.
* * * LOW HITPOINT WARNING * * *
You closely miss the orc priest. You block the orc priest's attack.
The orc hits you.
* * * LOW HITPOINT WARNING * * *
The orc hits you but does no damage. You block the hobgoblin's attack.
The orc hits you but does no damage.
You thump the orc priest!
The orc priest is severely wounded.
The orc priest hits you but does no damage.
You block the hobgoblin's attack. The orc barely misses you.
The orc hits you but does no damage. The orc priest barely misses you.
You hit the orc priest.
The orc priest is almost dead.
The hobgoblin barely misses you. The orc hits you with a +0 falchion.
You die...

.......................
.......................
...............#####..##
...............#........
......##................
........................
.......................
.........o..........
.........o@.........
.........go.........
###%.....###........
##...... ##+##+###
.......... ...#......#
....#......# ...
#......# #......#


You could see an orc priest, 2 orcs and a hobgoblin.

Vanquished Creatures
  An adder (D:2)
  A worm (D:2)
  2 dart slugs (D:1)
  A leopard gecko (D:2)
  6 giant cockroaches
  8 goblins
  7 hobgoblins
  4 jackals (D:2)
  5 kobolds
  2 quokkas
  12 bats
  5 frilled lizards
  11 rats
65 creatures vanquished.

Notes
Turn   | Place    | Note
-------+----------+-------------------------------------------
     0 | D:1      | Bergy the Gargoyle Fighter began the quest for the Orb.
     0 | D:1      | Reached XP level 1. HP: 14/14 MP: 1/1
   120 | D:1      | Reached XP level 2. HP: 9/19 MP: 2/2
   866 | D:1      | Reached XP level 3. HP: 23/23 MP: 3/3
  1883 | D:2      | Reached XP level 4. HP: 28/28 MP: 4/4
  2513 | D:3      | HP: 1/28 [orc (2)]
  2515 | D:3      | Slain by an orc

Skill      XL: |  1  2  3 |
---------------+----------+-----
Maces & Flails | 3 |  3.5
Fighting       | |  3.6
Armour         | |  3.8
Shields        | |  3.8

Action                   |  1- 3 |  4- 6 || total
-------------------------+-------+-------++-------
Melee: Flail             |   197 |    73 ||   270
  Eat: Chunk             |     4 |     2 ||     6
Armor: Scale mail        |   152 |   110 ||   262
Dodge: Dodged            |    76 |    57 ||   133
Block: Shield            |   131 |    72 ||   203
